 Dungeon Crawl Stone Soup version 0.29.0-5-ge4962eb29e (webtiles) character file.

Game seed: 11263951528608662086

7621 benadryl the Grappler (level 10, 0/100 HPs)
             Began as a Troll Hunter on Aug 28, 2022.
             Was an Elder of Makhleb.
             Slain by a killer bee (4 damage)
             ... on level 9 of the Dungeon.
             The game lasted 00:24:22 (8022 turns).

benadryl the Grappler (Troll Hunter)                Turns: 8022, Time: 00:24:23

Health: 0/100      AC:  6    Str: 25    XL:     10   Next: 98%
Magic:  16/16      EV: 10    Int:  5    God:    Makhleb [****..]
Gold:   587        SH:  0    Dex: 13    Spells: 9/9 levels left

rFire   + + .      SeeInvis +     - Unarmed
rCold   + . .      Faith    +   (no shield)
rNeg    . . .      Spirit   .   c - +1 robe {rC+ rF+}
rPois   +          Reflect  .   d - +0 hat {SInv}
rElec   .          Harm     .   q - +0 cloak
rCorr   .          Rampage  .   (gloves unavailable)
Will    .....                   (boots unavailable)
Stlth   +.........              G - amulet of faith
HPRegen 1.06/turn               g - ring of protection from fire
MPRegen 0.15/turn               s - ring of poison resistance

@: lethally poisoned (0 -> -4), slowed, very slow
A: large, unfitting armour, claws 3, regeneration 1, shaggy fur 1, tough skin 1
a: Renounce Religion, Minor Destruction, Lesser Servant of Makhleb, Major
Destruction


You were on level 9 of the Dungeon.
You worshipped Makhleb.
Makhleb was greatly pleased with you.
You visited 1 branch of the dungeon, and saw 9 of its levels.
You also visited: Ossuary.

You collected 587 gold pieces.

Inventory:

Hand Weapons
 a - a +2 giant spiked club
 B - the +8 quarterstaff of Faitutec {holy, rF- rN++ Dex+7}
   (You found it in an ossuary)

   It has been blessed by the Shining One to cause great damage to the undead
   and demons.
   Dex:       It affects your dexterity (+7).
   rF:        It makes you vulnerable to fire.
   rN:        It greatly protects you from negative energy.
Missiles
 x - 7 curare-tipped darts
 F - 6 large rocks
Armour
 c - a +1 robe of resistance (worn)
 d - a +0 hat of see invisible (worn)
 i - +0 steam dragon scales
 q - a +0 cloak (worn)
Jewellery
 g - a ring of protection from fire (left claw)
 s - a ring of poison resistance (right claw)
 G - an amulet of faith (around neck)
 I - an amulet of the acrobat
Wands
 v - a wand of flame (43)
 H - a wand of roots (4)
Scrolls
 b - 2 scrolls of immolation
 e - 3 scrolls of amnesia
 f - 2 scrolls of identify {@r1}
 m - a scroll of enchant armour {unknown}
 o - a scroll of vulnerability
 p - 3 scrolls of teleportation
 u - 3 scrolls of noise
 y - 2 scrolls of poison
 A - a scroll of fear {unknown}
 E - a scroll of fog {unknown}
 K - a scroll of silence {unknown}
 L - a scroll of torment {unknown}
Potions
 j - a potion of curing {@q1}
 k - a potion of haste
 l - 3 potions of mutation
 n - 2 potions of brilliance
 r - a potion of lignification
 t - a potion of flight
 w - 2 potions of attraction
 D - 2 potions of magic {unknown}


   Skills:
 + Level 6.6 Fighting
 - Level 2.6 Ranged Weapons
 - Level 1.9 Throwing
 - Level 1.5 Dodging
 - Level 0.3 Stealth
 * Level 10.8 Unarmed Combat
 * Level 9.4 Invocations


You had 9 spell levels left.
You didn't know any spells.
Your spell library contained the following spells:

 Spells                   Type           Power      Damage    Failure   Level
 Static Discharge         Conj/Air       0%         3-3/arc   63%         2
 Stone Arrow              Conj/Erth      0%         3d7       85%         3
 Tukima's Dance           Hex            0%         N/A       85%         3
 Animate Armour           Summ/Erth      0%         N/A       99%         4
 Dispel Undead            Necr           0%         3d6       99%         4
 Passage of Golubria      Tloc           0%         N/A       99%         4
 Sticky Flame             Conj/Fire      0%         2d3       99%         4
 Yara's Violent Unravell  Hex/Tmut       0%         3d3       100%        5
 Lehudib's Crystal Spear  Conj/Erth      0%         10d2      100%        8


Dungeon Overview and Level Annotations

Branches:
Dungeon (9/15)             Temple (0/1) D:5         Ossuary (visited)
   Lair: D:8-11         Orc: D:9-12

Altars:
Dithmenos
Fedhas
Gozag
Hepliaklqana
Makhleb
Trog
Uskayaw

Shops:
D:2 :   D:8 :

Annotations:
D:3 2 transporters
D:7 2 transporters, 12572944's ghost, novice HOFi
D:8 2 transporters, Maurice


Innate Abilities, Weirdness & Mutations

You are too large for most types of armour.
You have claws for hands.
Your natural rate of healing is unusually fast.
You are covered in fur. (AC +1)
You have tough skin. (AC +1)


Message History

You are confused.
You feel invigorated.
The killer bee stings you but does no damage.
The killer bee closely misses you. The wraith hits you.
* * * LOW HITPOINT WARNING * * *
The wraith drains your vigour!
You feel as though you will be slow longer.
The killer bee stings you!
* * * LOW HITPOINT WARNING * * *
You bump into the rock wall.
The killer bee closely misses you. The killer bee stings you.
* * * LOW HITPOINT WARNING * * *
The wraith hits you!
* * * LOW HITPOINT WARNING * * *
The wraith drains your vigour!
You feel as though you will be slow longer.
The killer bee stings you but does no damage.
The wraith hits you.
* * * LOW HITPOINT WARNING * * *
The wraith drains your vigour!
You feel as though you will be slow longer.
You feel better.
You feel less invigorated. The killer bee stings you.
* * * LOW HITPOINT WARNING * * *
You are poisoned.
The killer bee poisons you! The killer bee stings you.
* * * LOW HITPOINT WARNING * * *
You are more poisoned.
The killer bee poisons you! The wraith barely misses you.
The killer bee stings you.
* * * LOW HITPOINT WARNING * * *
The air fills with toxic fumes!
As you read the scroll labelled ERUGIA SILEN, it crumbles to dust.
It was a scroll of poison.
You feel very sick. The killer bee stings you.
* * * LOW HITPOINT WARNING * * *
The killer bee stings you.
* * * LOW HITPOINT WARNING * * *
The wraith hits you but does no damage. The killer bee stings you.
You die...

##................
...#######'#######..#
...# #.# ..# .#.#
#####.##### ..# ...#
#...'.'...# ..# ##.#
#.###.###.# ..# #.#
#.# #)# .§# #.#
##§###§###§§# #.'
..§§§§§§y@Wo§#
###§###§###§§# #.#
#.# .§# #.# #.# ..#
..# ..# ### ..# ..#
..#


You could see a wraith, an orc warrior and a killer bee.

Vanquished Creatures
  Gastronok (D:8)
  Pikel (D:7)
  Joseph (D:8)
  A gargoyle (D:7)
  An unseen horror (D:8)
  Psyche (D:8)
  A troll (D:9)
  2 hornets
  A vampire (D:9)
  A steam dragon (D:6)
  3 orc warriors
  2 black bears
  4 ogres
  2 centaurs
  A phantom (D:4)
  3 kobold brigands
  A bullfrog (D:8)
  A necrophage (D:3)
  An elf skeleton (D:5)
  4 water moccasin zombies (Ossuary)
  3 scorpions
  14 killer bees
  6 howler monkeys
  3 hounds
  8 orc priests
  A jelly (D:7)
  2 human zombies (D:5)
  A gnoll bouda (D:9)
  Crazy Yiuf (D:6)
  Natasha (thrice) (D:4)
  4 iguanas
  6 orc wizards
  2 mummies (Ossuary)
  11 gnolls
  6 adders
  A shadow imp (D:5)
  A white imp (D:6)
  An ufetubus (D:5)
  4 adder zombies (Ossuary)
  2 worms (D:3)
  2 dart slugs
  25 orcs
  10 ball pythons
  2 bats (D:1)
  6 endoplasms
  5 giant cockroaches
  6 gnoll zombies (Ossuary)
  3 hobgoblins
  8 jackals (D:2)
  3 quokkas
  2 frilled lizards (D:1)
  16 goblins
  3 hobgoblin zombies (Ossuary)
  14 kobolds
  3 kobold zombies (Ossuary)
  An orc skeleton (D:5)
  5 orc zombies
  4 rats
231 creatures vanquished.

Vanquished Creatures (collateral kills)
  Maggie (D:7)
  2 kobolds (D:8)
3 creatures vanquished.

Grand Total: 234 creatures vanquished

Notes
Turn   | Place    | Note
-------+----------+-------------------------------------------
     0 | D:1      | benadryl the Troll Hunter began the quest for the Orb.
     0 | D:1      | Reached XP level 1. HP: 19/19 MP: 0/0
     4 | D:1      | Noticed an electric eel
     5 | D:1      | Noticed an electric eel
   131 | D:1      | Reached skill level 1 in Unarmed Combat
   140 | D:1      | Reached XP level 2. HP: 28/28 MP: 1/1
   535 | D:1      | Reached skill level 1 in Throwing
   671 | D:1      | Reached XP level 3. HP: 35/35 MP: 2/2
   711 | D:1      | Found a faded altar of an unknown god.
   862 | D:2      | Reached skill level 2 in Unarmed Combat
   949 | D:2      | Found Keonis's Book Shoppe.
  1229 | D:2      | Reached XP level 4. HP: 37/42 MP: 3/3
  1637 | D:3      | Noticed a necrophage
  1648 | D:3      | Killed a necrophage
  1649 | D:3      | Reached skill level 3 in Unarmed Combat
  1649 | D:3      | Reached XP level 5. HP: 43/50 MP: 4/4
  1672 | D:3      | Found an opulent altar of Gozag.
  1672 | D:3      | Found a burning altar of Makhleb.
  1677 | D:3      | Became a worshipper of Makhleb the Destroyer
  1704 | D:3      | Found a blossoming altar of Fedhas.
  1939 | D:3      | Found a transporter.
  1945 | D:3      | Found a transporter.
  1981 | D:3      | Found a bloodstained altar of Trog.
  2164 | D:3      | Noticed a black bear
  2282 | D:4      | Reached skill level 1 in Invocations
  2421 | D:4      | Found a hide-covered altar of Uskayaw.
  2453 | D:4      | Reached skill level 4 in Unarmed Combat
  2453 | D:4      | Reached XP level 6. HP: 34/59 MP: 6/6
  2946 | D:4      | Noticed Natasha
  2950 | D:4      | Killed Natasha
  2959 | D:4      | Noticed Natasha
  2963 | D:4      | Killed Natasha
  2964 | D:4      | Reached XP level 7. HP: 61/67 MP: 8/8
  3041 | D:4      | Noticed Natasha
  3046 | D:4      | Killed Natasha
  3102 | D:4      | Reached skill level 5 in Unarmed Combat
  3443 | D:5      | Entered Level 5 of the Dungeon
  3468 | D:5      | Reached * piety under Makhleb
  3672 | D:5      | Found a sand-covered staircase.
  3682 | Ossuary  | Entered an ossuary
  3824 | Ossuary  | Reached skill level 6 in Unarmed Combat
  3824 | Ossuary  | Reached XP level 8. HP: 70/78 MP: 10/10
  3879 | Ossuary  | Identified the +8 quarterstaff of Faitutec {holy, rF- rN++
                  | Dex+7}
  3920 | D:5      | Reached ** piety under Makhleb
  4096 | D:5      | Found a staircase to the Ecumenical Temple.
  4146 | D:5      | Reached skill level 5 in Invocations
  4996 | D:6      | Reached skill level 7 in Unarmed Combat
  5420 | D:6      | Found a runed translucent door.
  5421 | D:6      | Noticed Crazy Yiuf
  5426 | D:6      | Killed Crazy Yiuf
  5548 | D:6      | Reached XP level 9. HP: 85/85 MP: 12/12
  5729 | D:7      | Found a shadowy altar of Dithmenos.
  5750 | D:7      | Noticed Pikel
  5779 | D:7      | Killed Pikel
  5780 | D:7      | Reached skill level 8 in Unarmed Combat
  5834 | D:6      | Reached *** piety under Makhleb
  5904 | D:7      | Noticed Maggie
  5931 | D:7      | Killed Maggie
  5932 | D:7      | Reached skill level 5 in Fighting
  6100 | D:7      | Found a bloodstained altar of Trog.
  6100 | D:7      | Found a transporter.
  6100 | D:7      | Noticed a moth of wrath
  6100 | D:7      | Noticed 12572944's ghost (novice HOFi)
  6116 | D:7      | Found a transporter.
  6345 | D:7      | Paralysed by a hornet for 2 turns
  6498 | D:7      | Found a hazy altar of Hepliaklqana.
  6696 | D:8      | Found Bysargh's Book Emporium.
  6722 | D:8      | Noticed Gastronok
  6738 | D:8      | Killed Gastronok
  6739 | D:8      | Reached skill level 9 in Unarmed Combat
  6739 | D:8      | Reached XP level 10. HP: 95/98 MP: 13/15
  6793 | D:8      | Noticed Joseph
  6817 | D:8      | Killed Joseph
  6952 | D:8      | Noticed Psyche
  6972 | D:8      | Killed Psyche
  7011 | D:8      | Found a transporter.
  7011 | D:8      | Found a transporter.
  7013 | D:8      | Reached skill level 10 in Unarmed Combat
  7111 | D:8      | Noticed a boulder beetle
  7265 | D:8      | Noticed a gargoyle
  7270 | D:8      | Noticed Maurice
  7424 | D:7      | Killed a gargoyle
  7555 | D:9      | Reached **** piety under Makhleb
  8022 | D:9      | HP: 5/100 [killer bee (4)]
  8022 | D:9      | Slain by a killer bee

Illustrated notes

Levels and vault maps discovered:
D:1:      arrival_aquarium_b, layout_loops_ring,
          shapermc_ecumenical_altar_mp_vishouse
D:2:      minmay_spotlight, layout_basic, serial_shops, shop_statue
D:3:      gammafunk_steamed_eel, layout_loops_cross,
          mainiacjoe_overflow_cross_hatched, gammafunk_temple_overflow_wave,
          mainiacjoe_overflow_surrounded_room, lightli_corner_chamber
D:4:      nicolae_cairo_tiling_large, layout_basic, nicolae_uskayaw_dance_hall,
          uniq_natasha
D:5:      layout_loops_ring, minmay_temple_entry_proselytizer,
          nicolae_ossuary_entry_catacombs, minivault_11, minmay_ogre_servants
D:6:      layout_cave_pools, eino_curves_01, glass_columns_a, grunt_decor_cap,
          uniq_crazy_yiuf_cottage
D:7:      layout_rooms, general_overflow_altar, nzn_hepliaklqana_mist_gate,
          gammafunk_ghost_wrathful_warriors, grunt_ministairs_11, uniq_pikel,
          uniq_maggie
D:8:      gammafunk_boulding_lane, layout_basic, serial_shops, shop_fountains,
          uniq_gastronok, uniq_maurice, uniq_psyche, uniq_joseph
D:9:      layout_rooms, minmay_door_square

Skill      XL: |  1  2  3  4  5  6  7  8  9 10 |
---------------+-------------------------------+-----
Unarmed Combat | 1 2 3 4 6 7 9 10 | 10.8
Fighting       | 2 3 4 5 6 |  6.6
Throwing       | 1 |  1.9
Invocations    | 1 2 4 6 8 9 |  9.4
Ranged Weapons | |  2.6
Dodging        | |  1.5
Stealth        | |  0.3

Action                   |  1- 3 |  4- 6 |  7- 9 | 10-12 || total
-------------------------+-------+-------+-------+-------++-------
Melee: Unarmed           |   116 |   128 |   294 |   175 ||   713
       Punch             |     2 |     4 |    12 |     9 ||    27
Throw: Dart              |       |       |     1 |       ||     1
Invok: Minor Destruction |       |       |    28 |    42 ||    70
       Lesser Servant of |       |       |     2 |     4 ||     6
Evoke: Wand              |       |       |       |     3 ||     3
  Use: Scroll            |       |       |    14 |     6 ||    20
       Potion            |       |       |     2 |     8 ||    10
 Stab: Sleeping          |     3 |     2 |     1 |       ||     6
       Invisible         |       |       |       |     1 ||     1
Armor: Robe              |    40 |    24 |    69 |    74 ||   207
Dodge: Dodged            |    63 |    67 |   130 |   130 ||   390
